 Dungeon Crawl Stone Soup version 0.23.1 (webtiles) character file.

Game seed: 10091239715966406438

111 Borgoz the Skirmisher (level 4, -5/40 HPs)
             Began as a Ghoul Monk on Mar 18, 2019.
             Slain by an ogre
             ... wielding a +0 giant spiked club
              (6 damage)
             ... on level 4 of the Dungeon.
             The game lasted 00:03:30 (2538 turns).

Borgoz the Skirmisher (Ghoul Monk)                  Turns: 2538, Time: 00:03:31

Health: -5/40      AC:  3    Str: 14    XL:     4   Next: 92%
Magic:  3/3        EV: 13    Int:  5    God:
Gold:   171        SH:  0    Dex: 12    Spells: 3/3 levels left

rFire    + . .     SeeInvis .   o - +2 dagger (drain)
rCold    + . .     Gourm    .   (no shield)
rNeg     + + +     Faith    .   b - +0 robe
rPois    ∞         Spirit   .   (no helmet)
rElec    .         Reflect  .   (no cloak)
rCorr    .         Harm     .   p - +0 pair of gloves
MR       .....                  (no boots)
Stlth    ++........             (no amulet)
HPRegen  0.00/turn              j - ring of protection from fire
MPRegen  0.08/turn              (no ring)

@: rotting
A: rotting body, claws 1, carnivore, cold resistance 1, negative energy
resistance 3, inhibited regeneration, torment resistance, unbreathing
a: no special abilities


You were on level 4 of the Dungeon.
You were not hungry.

You visited 1 branch of the dungeon, and saw 4 of its levels.

You collected 171 gold pieces.

Inventory:

Hand Weapons
 o - a +2 dagger of draining (weapon)
Armour
 b - a +0 robe (worn)
 p - a +0 pair of gloves (worn)
Jewellery
 j - a ring of protection from fire (left hand)
Wands
 r - a wand of clouds (5)
Scrolls
 d - 5 scrolls of identify {unknown}
 e - 2 scrolls of random uselessness {unknown}
 f - 3 scrolls of immolation {unknown}
 i - a scroll of magic mapping {unknown}
 k - a scroll of remove curse {unknown}
 m - 3 scrolls of enchant weapon {unknown}
Potions
 a - a potion of berserk rage {unknown}
 g - 3 potions of curing {unknown}
 h - a potion of brilliance {unknown}
 l - a potion of degeneration {unknown}
 n - a potion of flight {unknown}
Comestibles
 c - 6 rations
 q - a chunk of flesh


   Skills:
 + Level 3.6 Fighting
 * Level 3.4 Short Blades
 * Level 1.6 Armour
 * Level 3.5 Dodging
 + Level 2.8 Stealth


You had 3 spell levels left.
You didn't know any spells.
Your spell library contained the following spells:

 Spells                   Type           Power        Failure   Level  Hunger
 Confusing Touch          Hex            #.....       47%         1    ##.....
 Confuse                  Hex            #.......     85%         3    ####...
 Gell's Gravitas          Tloc           #.........   85%         3    ####...
 Petrify                  Tmut/Erth      #.......     99%         4    #####..
 Metabolic Englaciation   Hex/Ice        #.........   100%        5    ######.
 Yara's Violent Unravell  Hex/Tmut       #.........   100%        5    ######.


Dungeon Overview and Level Annotations

Branches:
Dungeon (4/15)
 Temple: D:4-7

Altars:
Kikubaaqudgha
Zin


Innate Abilities, Weirdness & Mutations

Your body is rotting away.
You thrive on raw meat.
You are immune to poison.
You have sharp fingernails.
You are carnivorous and can eat meat at any time.
Your flesh is cold resistant. (rC+)
You are immune to negative energy. (rN+++)
You do not regenerate when monsters are visible.
You are immune to unholy pain and torment.
You can survive without breathing.


Message History

You hit the ogre.
The ogre is heavily wounded.
The dart slug launches a dart at you. The slug dart misses you.
You hit the ogre.
The ogre is heavily wounded.
The ogre closely misses you.
You closely miss the ogre.
The ogre is heavily wounded.
The dart slug launches a dart at you. The slug dart hits you!
* * * LOW HITPOINT WARNING * * *
You hit the ogre. You drain the ogre.
The ogre is severely wounded.
The ogre hits you with a +0 giant spiked club!
* * * LOW HITPOINT WARNING * * *
You hit the ogre.
The ogre is severely wounded.
The ogre hits you with a +0 giant spiked club.
You die...

.......##..#..........
#....
........>....####
#.... ........###.##
....#..#......#
..........###.#
..........###.##
#.#..........#
#.#..........#
........w@..#
##.......O..#
#..#..#...##
.....#.#.. ..#. .....#
....... ... .. .#.
.##. .... .. .#


You could see an ogre and a dart slug.

Vanquished Creatures
  5 adders
  A worm (D:3)
  5 dart slugs
  2 leopard geckos
  2 giant cockroaches
  2 goblins
  6 hobgoblins
  5 jackals
  2 quokkas
  6 bats
  4 frilled lizards
  7 kobolds
  8 rats
55 creatures vanquished.

Notes
Turn   | Place    | Note
-------+----------+-------------------------------------------
     0 | D:1      | Borgoz the Ghoul Monk began the quest for the Orb.
     0 | D:1      | Reached XP level 1. HP: 19/19 MP: 0/0
   386 | D:1      | Reached XP level 2. HP: 12/26 MP: 1/1
  1084 | D:2      | Reached skill level 1 in Armour
  1084 | D:2      | Reached XP level 3. HP: 26/30 MP: 2/2
  1271 | D:2      | Found an ancient bone altar of Kikubaaqudgha.
  1272 | D:2      | Found a glowing silver altar of Zin.
  1629 | D:2      | Reached XP level 4. HP: 34/38 MP: 3/3
  2527 | D:4      | Noticed an ogre
  2537 | D:4      | HP: 1/40 [ogre/+0 giant spiked club (11)]
  2538 | D:4      | Slain by an ogre

Skill      XL: |  1  2 |
---------------+-------+-----
Dodging        | 3 |  3.5
Short Blades   | 3 |  3.4
Armour         | 1 |  1.6
Fighting       | |  3.6
Stealth        | |  2.8

Action                   |  1- 3 |  4- 6 || total
-------------------------+-------+-------++-------
Melee: Short sword       |   149 |       ||   149
       Dagger            |     8 |    62 ||    70
 Stab: Sleeping          |     4 |     7 ||    11
  Eat: Chunk             |    20 |     2 ||    22
Armor: Robe              |    35 |     8 ||    43
Dodge: Dodged            |   140 |    29 ||   169
